Map: Beckett Industries LE

Players

Canuck

  • Race: Zerg Zerg
  • League: Diamond

PROMETHIUM - Winner!

  • Race: Terran Terran
  • League: Diamond

VOD

https://www.youtube.com/watch?v=rLUt9CzGoWQ

Description

Looking for a TvZ cheese build? Here you go!
Marines, Hellbats, Liberators.

Time

  • Played on: July 30, 2021, 12:54 a.m.
  • Length: 7:03
Show
View Real Time Build Order
Export as new Build Order

Canuck Zerg 

Build Orders: Pool First 

Get SALT Encoding   

  12  0:00  Drone  
  13  0:08  Drone  
  14  0:14  Extractor  
  14  0:16  Drone  
  15  0:22  Overlord  
  15  0:40  Drone x2  
  17  0:44  Drone  
  18  0:52  Spawning Pool  
  17  1:16  Hatchery  
  16  1:22  Drone x3  
  19  1:27  Extractor  
  19  1:40  Zergling x2  
  19  1:41  Queen  
  19  1:47  Drone  
  22  1:54  Overlord  
  22  2:17  Drone  
  23  2:24  Hatchery  
  23  2:27  Queen  
  24  2:31  Drone  
  24  2:34  Drone  
  27  2:37  Drone  
  27  2:45  Metabolic Boost  
  27  2:50  Drone x2  
  29  2:58  Drone x2  
  30  3:04  Queen  
  32  3:10  Drone x2  
  34  3:19  Drone x2  
  36  3:20  Overlord  
  36  3:35  Overlord, Queen  
  36  3:37  Overlord  
  38  3:41  Queen  
  40  3:50  Drone x2  
  40  3:51  Drone x2  
  44  3:57  Lair  
  44  3:58  Extractor  
  44  4:01  Baneling Nest  
  42  4:03  Drone  
  42  4:04  Drone  
  42  4:06  Drone  
  45  4:18  Queen x2  
  49  4:27  Drone x4  
  49  4:28  Drone  
  54  4:34  Drone, Extractor  
  54  4:35  Drone x2  
  54  4:36  Extractor  
  55  5:10  Zergling x2  
  55  5:11  Zergling x24  
  58  5:28  Zergling x2  
  58  5:29  Zergling x8  
  50  5:37  Queen  
  50  5:38  Queen  
  50  5:40  Zergling x4  
  47  5:53  Zergling x2  
  47  5:54  Zergling x4  
  44  6:07  Zergling x2  
  44  6:08  Zergling x4  
  37  6:18  Queen  
  37  6:20  Queen  
  43  6:26  Baneling x2  
  43  6:27  Baneling x2  
  43  6:31  Zergling x8  
Show
View Real Time Build Order
Export as new Build Order

PROMETHIUM Terran - Winner!

Build Orders: 1/1/1, Liberator Opening 

Get SALT Encoding   

  12  0:00  SCV  
  13  0:12  SCV  
  14  0:17  Supply Depot  
  14  0:24  SCV  
  15  0:31  Refinery  
  15  0:38  SCV  
  16  0:45  Barracks  
  16  0:51  SCV  
  17  1:03  SCV  
  18  1:15  SCV  
  19  1:20  Refinery, Supply Depot  
  19  1:27  SCV  
  20  1:34  Factory  
  20  1:36  Marine  
  20  1:47  Orbital Command  
  20  1:56  Marine  
  21  2:14  SCV  
  22  2:18  Marine  
  22  2:19  Hellion  
  25  2:26  SCV  
  25  2:28  Starport  
  26  2:36  Marine  
  27  2:42  SCV  
  28  2:54  SCV  
  29  3:00  Factory Reactor  
  29  3:02  Marine  
  29  3:04  Starport Reactor  
  30  3:12  SCV  
  31  3:14  Armory  
  31  3:24  Supply Depot  
  31  3:29  SCV, Marine  
  31  3:32  Supply Depot  
  33  3:38  Hellion x2  
  37  3:44  Refinery  
  37  3:45  Liberator  
  40  3:52  SCV  
  41  3:59  Liberator  
  44  4:08  SCV  
  45  4:14  Marine  
  45  4:16  Hellion  
  48  4:28  Liberator  
  51  4:32  Marine  
  52  4:40  Hellion  
  54  4:48  Hellion  
  54  4:49  Supply Depot  
  54  4:50  Marine  
  57  4:54  Terran Vehicle Weapons Level 1  
  51  5:40  Marine  
  51  5:41  Hellion  
  51  5:42  Hellion  
  46  5:58  Marine  
  46  6:03  Hellion  
  49  6:06  Liberator x2, Hellion  
  49  6:07  SCV  
  58  6:16  Marine  
  57  6:19  SCV  
  57  6:24  Hellion  
  60  6:31  SCV, Barracks  
  60  6:32  Engineering Bay  
Tags
 
Add a new tag
Caveats
  • Supply blocks, unpowered buildings, or Contaminate may cause inaccurate times.
  • Supply counts are checked every 10 seconds.